 Dungeon Crawl Stone Soup version 0.25-a0-549-g6e6e6501ad (webtiles) character file.

Game seed: 14314679771686359905, levelgen mode: deterministic

311 Emblim88 the Ducker (level 6, -1/32 HPs)
             Began as a Spriggan Abyssal Knight on Feb 23, 2020.
             Was a Believer of Lugonu.
             Slain by a worker ant (4 damage)
             ... on level 4 of the Dungeon.
             The game lasted 00:05:51 (3795 turns).

Emblim88 the Ducker (Spriggan Abyssal Knight)       Turns: 3795, Time: 00:05:51

Health: -1/32      AC:  3    Str:  6 (9)  XL:     6   Next: 18%
Magic:  9/9        EV: 22    Int: 11 (14) God:    Lugonu [**....]
Gold:   208        SH:  0    Dex: 15 (16) Spells: 5/5 levels left

rFire    . . .     SeeInvis +   a - +1 falchion
rCold    . . .     Gourm    .   (shield restricted)
rNeg     . . .     Faith    .   b - +1 robe
rPois    .         Spirit   .   (helmet restricted)
rElec    .         Reflect  .   (no cloak)
rCorr    .         Harm     .   (gloves unavailable)
MR       +....                  (boots unavailable)
Stlth    +.........             q - amulet of magic regeneration
HPRegen  0.10/turn              (no ring)
MPRegen  0.36/turn              (no ring)

@: lethally poisoned (-1 -> -4), about to teleport, very quick
A: very small, unfitting armour, see invisible, herbivore, speed 3, slow
metabolism 2
a: Depart the Abyss, Bend Space, Renounce Religion


You were on level 4 of the Dungeon.
You worshipped Lugonu.
Lugonu was pleased with you.
You were hungry.

You visited 1 branch of the dungeon, and saw 4 of its levels.
You visited the Abyss 1 time.

You collected 208 gold pieces.

Inventory:

Hand Weapons
 a - a +1 falchion (weapon)
 h - a +1 dagger of speed
 s - a +0 dagger of draining
 u - a +1 vorpal hunting sling
Missiles
 e - 180 stones
 g - 16 poisoned darts (quivered)
 v - 23 sling bullets
Armour
 b - a +1 robe (worn)
Jewellery
 q - an amulet of magic regeneration (around neck)
Wands
 f - a wand of paralysis (11)
Scrolls
 i - a scroll of teleportation
 l - 2 scrolls of enchant armour
 m - a scroll of noise
 n - a scroll of remove curse
 o - a scroll of identify {unknown}
 t - a scroll of magic mapping {unknown}
Potions
 j - 2 potions of flight
 k - 2 potions of brilliance
 p - a potion of berserk rage
 r - a potion of degeneration
Comestibles
 c - 4 rations


   Skills:
 + Level 3.3 Fighting
 + Level 2.7 Long Blades
 * Level 6.7 Dodging
 + Level 3.2 Invocations
 + Level 0.4 Evocations


You had 5 spell levels left.
You didn't know any spells.
Your spell library was empty.

Dungeon Overview and Level Annotations

Branches:
Dungeon (4/15)
 Temple: D:4-7

Altars:
Ashenzari
Dithmenos
Kikubaaqudgha
Ru
Trog


Innate Abilities, Weirdness & Mutations

You are very small and have problems with some larger weapons.
You are too small for most types of armour.
You have supernaturally acute eyesight. (SInv)
You are a herbivore.
You cover ground extremely quickly.
You need to consume almost no food.


Message History

The orc wizard shouts!
You hit the worker ant.
The worker ant is heavily wounded.
You feel less wooden.
Your +1 robe unmelds from your body.
You feel sick. The worker ant completely misses you.
You riposte.
You barely miss the worker ant.
The worker ant is heavily wounded.
The orc closely misses you.
You hit the worker ant but do no damage.
The worker ant is heavily wounded.
The worker ant bites you.
* * * LOW HITPOINT WARNING * * *
The orc closely misses you. The worker ant completely misses you.
You riposte.
You completely miss the worker ant.
The worker ant is heavily wounded.
As you read the scroll of teleportation, it crumbles to dust.
You feel strangely unstable. The orc completely misses you.
The worker ant bites you.
You die...

#..#... ######..#..
## .o.o....#.# ##
#. ....oo.. #...
#.# ..ooo#..# #.#
#ooo...# #.# #o#
######.. #a#
#....... #@#
#.#####. #.#
#.#####. #.#
#.##.... ##.#######
#.##.##.
#...##...###.##.##.
#......#...........
#...##...##########
##########


You could see a worker ant, an orc priest, an orc wizard and 7 orcs.

Vanquished Creatures
  Sigmund (D:2)
  An orc priest (D:3)
  A worker ant (D:4)
  4 adders
  An adder skeleton (D:3)
  A worm (D:3)
  2 dart slugs (D:1)
  A leopard gecko (D:3)
  4 orcs (D:3)
  2 giant cockroaches
  6 goblins
  3 hobgoblins
  3 jackals (D:3)
  A quokka (D:3)
  7 bats
  3 frilled lizards
  12 kobolds
  6 rats
59 creatures vanquished.

Notes
Turn   | Place    | Note
-------+----------+-------------------------------------------
     0 | Abyss:1  | Emblim88 the Spriggan Abyssal Knight began the quest for
                  | the Orb.
     0 | Abyss:1  | Reached XP level 1. HP: 11/11 MP: 3/3
    13 | D:1      | Escaped the Abyss
   389 | D:1      | Reached XP level 2. HP: 12/16 MP: 4/4
   400 | D:1      | Reached skill level 4 in Dodging
  1053 | D:2      | Noticed Sigmund
  1117 | D:2      | Found a shadowy altar of Dithmenos.
  1143 | D:2      | Reached XP level 3. HP: 11/19 MP: 5/5
  1865 | D:2      | Found a shattered altar of Ashenzari.
  1865 | D:2      | Found a bloodstained altar of Trog.
  2024 | D:2      | Reached ** piety under Lugonu
  2093 | D:2      | Killed Sigmund
  2093 | D:2      | Reached skill level 6 in Dodging
  2093 | D:2      | Reached XP level 4. HP: 23/24 MP: 5/7
  2093 | D:2      | Reached XP level 5. HP: 27/28 MP: 5/8
  2886 | D:3      | Found an ancient bone altar of Kikubaaqudgha.
  2906 | D:3      | HP: 1/28 [poisoned by an adder]
  2907 | D:3      | Reached XP level 6. HP: 32/32 MP: 9/9
  3421 | D:3      | Found a sacrificial altar of Ru.
  3795 | D:4      | Slain by a worker ant

Levels and vault maps discovered:
D:1:      dpeg_arrival_three_same_balls, layout_basic
D:2:      layout_basic, nicolae_dithmenos_shadow_blocks,
          gammafunk_temple_overflow_pools, first_ration, minmay_heptomino_o4,
          uniq_sigmund
D:3:      layout_loops_corners, old_standard_altar,
          nicolae_ru_the_path_less_chosen
D:4:      layout_loops_cross, kennysheep_mini, lemuel_crystal_altar,
          grunt_qazlal_sundering, minmay_temple_entry_drinking_statues,
          portal_sewer_entry_b, abandoned_shop

Skill      XL: |  1  2  3  4  5 |
---------------+----------------+-----
Invocations    | 2 3 |  3.2
Dodging        | 4 6 |  6.7
Long Blades    | 2 |  2.7
Fighting       | 3 |  3.3
Evocations     | |  0.4

Action                   |  1- 3 |  4- 6 || total
-------------------------+-------+-------++-------
Melee: Falchion          |    76 |   127 ||   203
Throw: Dart              |     7 |     5 ||    12
  Use: Potion            |     3 |     4 ||     7
       Scroll            |       |     5 ||     5
 Stab: Sleeping          |       |     3 ||     3
       Invisible         |       |     1 ||     1
Armor: Robe              |     5 |    14 ||    19
       Skin              |       |    22 ||    22
Dodge: Dodged            |    66 |   129 ||   195
       Rpst.: Falchion   |    18 |    39 ||    57

Table legend:
 A = Non-vault XP
 B = Vault XP
 C = Vault XP percentage of total XP
 D = Non-vault monster count
 E = Vault monster count
 F = Vault count percentage of total count
                 A         B        C        D         E       F
            +---------+---------+-------+---------+---------+-------
      Total |     220 |     225 |  50.6 |      54 |       5 |   8.5
            +---------+---------+-------+---------+---------+-------
        D:1 |      27 |       0 |   0.0 |      15 |       0 |   0.0
        D:2 |      40 |     225 |  84.9 |      10 |       5 |  33.3
        D:3 |     121 |       0 |   0.0 |      28 |       0 |   0.0
        D:4 |      32 |       0 |   0.0 |       1 |       0 |   0.0
            +---------+---------+-------+---------+---------+-------
